 Dungeon Crawl Stone Soup version 0.31-a0-185-g9dded2c639 (webtiles) character file.

Game seed: 15012616533339206342

408 qw the Skirmisher (level 6, -2/31 (35) HPs)
             Began as a Deep Elf Hunter on June 22, 2023.
             Was an Initiate of Okawaru.
             Slain by a wight
             ... wielding a +2 great sword
              (4 damage)
             ... on level 4 of the Dungeon.
             The game lasted 00:01:15 (3120 turns).

qw the Skirmisher (Deep Elf Hunter)                 Turns: 3120, Time: 00:01:15

HP:   -2/31 (35)    AC: 10    Str: 10    XL:     6   Next: 57%
MP:   8/8           EV: 11    Int: 14    God:    Okawaru [......]
Gold: 187           SH:  5    Dex: 18    Spells: 5/5 levels left

rFire   + . .        Y - +0 arbalest
rCold   + + .        (shield currently unavailable)
rNeg    . . .        p - +1 ring mail "Uptuli Aquv" {rC+}
rPois   .            g - +0 helmet
rElec   .            (no cloak)
rCorr   .            (no gloves)
SInv    .            m - +2 pair of boots
Will    .....        i - amulet of reflection
Stlth   +            f - ring of protection from cold
HPRegen 0.25/turn    h - ring of protection from fire
MPRegen 0.11/turn

%: reflection
@: heavily drained
A: no striking features
a: Renounce Religion


You were on level 4 of the Dungeon.
You worshipped Okawaru.
Okawaru was noncommittal.
You visited 1 branch of the dungeon, and saw 5 of its levels.

You collected 187 gold pieces.


   Skills:
 - Level 2.2 Fighting
 + Level 9.8 Ranged Weapons
 - Level 1.3 Armour
 - Level 2.4 Dodging
 - Level 1.2 Stealth


You had 5 spell levels left.
You didn't know any spells.
Your spell library was empty.

Inventory:

Hand Weapons
 Y - a +0 arbalest (weapon)
Armour
 g - a +0 helmet (worn)
 m - a +2 pair of boots (worn)
 p - the +1 ring mail "Uptuli Aquv" (worn) {rC+}
   (You found it on level 4 of the Dungeon)

   rC:        It protects you from cold.
Jewellery
 f - a ring of protection from cold (left hand)
 h - a ring of protection from fire (right hand)
 i - an amulet of reflection (around neck)
Scrolls
 j - a scroll of identify
 k - a scroll of teleportation
Potions
 b - a potion of mutation
 c - a potion of magic {unknown}
 d - a potion of degeneration {unknown}
 l - 2 potions of heal wounds
 n - a potion of might {unknown}

Dungeon Overview and Level Annotations

Branches:
Dungeon (5/15)
 Temple: D:4-7

Altars:
Okawaru


Message History

You shoot a bolt. The bolt closely misses the orc.
The orc hits you but does no damage. You block the orc's attack.
You shoot a bolt. The bolt completely misses the orc.
The orc hits you but does no damage.
You shoot a bolt. The bolt hits the orc!!
You kill the orc!
Okawaru accepts your kill.
You start resting.
HP restored.
Done exploring.
(D) Dungeon
Where to? (* - list waypoints, Enter - D:5, ? - help)
What level of the Dungeon? (default 1, ? - help)
You climb downwards.
A wight comes into view. It is wielding a +2 great sword.
A wight comes into view. It is wielding a +1 war axe.
There is a stone staircase leading up here.
You shoot a bolt. The bolt hits the scorpion!
The scorpion is heavily wounded.
You shoot a bolt. The bolt hits the scorpion!
You kill the scorpion!
Okawaru accepts your kill. The wight closely misses you.
You shoot a bolt. The bolt hits the orc wizard!!
You kill the orc wizard!
Okawaru accepts your kill.
The wight hits you with a +2 great sword!
The wight hits you with a +1 war axe.
You feel drained.
Your life force feels restored.
3118 ||| STAIRDANCE You block the wight's attack.
The wight hits you with a +1 war axe.
You feel drained.
You climb upwards.
You feel your willpower return.
There is a stone staircase leading down here.
You shoot a bolt.
The bolt hits the wight but does no damage.
The wight hits you with a +2 great sword!
You feel drained.
You die...

#.......'....#........).
#.......#....+..........
#.......#....#..........
#######..##+#######....######
#........##.### #....#.....
#..##+##......# #....#.....
#..#¤~~#......# #....#..##.
#..¤~¤~+<..z..# #....#####.
#..#¤¤¤#....@.# #....#.....
#%.##+##....z[# #....#..###
#.....#####..######....#..#..
#)......###..##........'..'..
#.......#.....#........#..#..
#.......#.....#........#..#..
###
#.......###'###........#..#..
..#
######'###.....##############
..# #...(#.....# #.


You could see 2 wights.

Vanquished Creatures
  A scorpion (D:5)
  2 orc priests (D:4)
  3 hounds (D:4)
  An orc wizard (D:5)
  An iguana (D:3)
  3 gnolls (D:4)
  An adder (D:2)
  3 worms
  3 dart slugs (D:4)
  13 orcs
  11 ball pythons
  5 endoplasms
  3 giant cockroaches
  7 goblins
  5 hobgoblins
  4 jackals (D:1)
  4 kobolds
  4 quokkas
  4 bats
  2 frilled lizards
  6 rats
86 creatures vanquished.

Notes
Turn   | Place    | Note
-------+----------+-------------------------------------------
     0 | D:1      | qw the Deep Elf Hunter began the quest for the Orb.
     0 | D:1      | Reached XP level 1. HP: 12/12 MP: 3/3
     0 | D:1      | 0 ||| qw: Version: 0.3-a-9-g12657ce
     0 | D:1      | 0 ||| qw: Game counter: 1695
     0 | D:1      | 0 ||| qw: Always use a shield: true
     0 | D:1      | 0 ||| qw: God list: Okawaru
     0 | D:1      | 0 ||| qw: Allow faded altars: false
     0 | D:1      | 0 ||| qw: Do Orc after D:15 true
     0 | D:1      | 0 ||| qw: Do second Lair branch before Depths: true
     0 | D:1      | 0 ||| qw: Lair rune preference: random
     0 | D:1      | 0 ||| qw: Plans: Normal
     0 | D:1      | 0 ||| PLANNING D:1-11
   174 | D:1      | Reached skill level 6 in Ranged Weapons
   174 | D:1      | Reached XP level 2. HP: 16/16 MP: 4/4
   460 | D:1      | Reached XP level 3. HP: 20/20 MP: 5/5
   724 | D:1      | 724 ||| UPGRADING to +0 scale mail.
   734 | D:1      | 734 ||| DROPPING +0 leather armour.
   735 | D:1      | 735 ||| UPGRADING to +0 ring mail.
   745 | D:1      | 745 ||| DROPPING +0 scale mail.
   746 | D:1      | 746 ||| UPGRADING to amulet of guardian spirit.
   751 | D:1      | 751 ||| UPGRADING to amulet of reflection.
   761 | D:1      | 761 ||| DROPPING amulet of guardian spirit.
   762 | D:1      | 762 ||| UPGRADING to ring of protection from cold.
   763 | D:1      | 763 ||| READING scroll labelled GUFIHIRGHA.
   764 | D:1      | 764 ||| DROPPING scroll of butterflies.
   841 | D:2      | Found an iron altar of Okawaru.
   842 | D:2      | 842 ||| PLANNING OKAWARU WORSHIP
   846 | D:2      | Became a worshipper of Warmaster Okawaru
   847 | D:2      | 847 ||| PLANNING D:1-11
   953 | D:2      | Reached skill level 7 in Ranged Weapons
  1391 | D:2      | Identified the orb "Vaiqul" {light, rF+ Will+ Str+3}
  1578 | D:2      | 1578 ||| READING scroll labelled IRUCEC SEXZUTU.
  1835 | D:3      | Reached XP level 4. HP: 25/25 MP: 6/6
  2278 | D:3      | 2278 ||| UPGRADING to +0 helmet.
  2283 | D:3      | 2283 ||| UPGRADING to +2 pair of boots.
  2288 | D:3      | 2288 ||| READING scroll labelled BAGUCI PUOWI.
  2289 | D:3      | 2289 ||| READING 3 scrolls labelled SUDUPN LIUFAI.
  2290 | D:3      | 2290 ||| READING scroll labelled EWOIHA CADWUTE.
  2291 | D:3      | 2291 ||| DRINKING 2 puce potions.
  2292 | D:3      | 2292 ||| DRINKING 2 brown potions.
  2293 | D:3      | 2293 ||| READING 2 scrolls of identify.
  2293 | D:3      | 2293 ||| IDENTIFYING coppery potion
  2294 | D:3      | 2294 ||| DROPPING potion of brilliance.
  2296 | D:3      | 2296 ||| Stepping ~*~*~tactically~*~*~ (cloud).
  2297 | D:3      | 2297 ||| DRINKING potion of curing.
  2297 | D:3      | 2297 ||| (to cure poison)
  2354 | D:4      | 2354 ||| STAIRDANCE
  2357 | D:3      | Reached skill level 8 in Ranged Weapons
  2438 | D:4      | 2438 ||| FLEEEEING.
  2485 | D:4      | Reached XP level 5. HP: 29/29 MP: 7/7
  2745 | D:4      | Reached skill level 9 in Ranged Weapons
  2831 | D:4      | 2831 ||| SWAPPING to +0 arbalest.
  2832 | D:4      | 2832 ||| DROPPING +0 shortbow.
  2879 | D:4      | Reached XP level 6. HP: 35/35 MP: 8/8
  3061 | D:4      | Identified the +1 ring mail "Uptuli Aquv" {rC+}
  3063 | D:4      | 3063 ||| UPGRADING to +1 ring mail "Uptuli Aquv" {rC+}.
  3073 | D:4      | 3073 ||| DROPPING +0 ring mail.
  3074 | D:4      | 3074 ||| UPGRADING to ring of protection from fire.
  3075 | D:4      | 3075 ||| READING 2 scrolls labelled ZICIN HAONEU.
  3079 | D:4      | 3079 ||| READING scroll labelled FEOHEOGOIMESE.
  3080 | D:4      | 3080 ||| READING 2 scrolls of identify.
  3080 | D:4      | 3080 ||| IDENTIFYING murky cyan potion
  3098 | D:5      | Entered Level 5 of the Dungeon
  3100 | D:5      | 3100 ||| STAIRDANCE
  3105 | D:4      | Reached skill level 1 in Armour
  3118 | D:5      | 3118 ||| STAIRDANCE
  3120 | D:4      | HP: 2/33 [wight/+2 great sword (8)]
  3120 | D:4      | Slain by a wight

Levels and vault maps discovered:
D:1:      nicolae_arrival_washed_ashore, layout_loops_cross
D:2:      layout_basic, basic_altar, chequers_jeans
D:3:      layout_basic
D:4:      layout_gridville, minmay_liquid_box
D:5:      layout_loops_ring, minmay_temple_entry_enclosed_plants,
          biasface_ghost_orc_armoury, minmay_pentangle, uniq_eustachio,
          uniq_prince_ribbit1

Skill      XL: |  1  2  3  4  5  6 |
---------------+-------------------+-----
Ranged Weapons | 6 7 8 9 |  9.8
Fighting       | 2 |  2.2
Armour         | 1 |  1.3
Dodging        | |  2.4
Stealth        | |  1.2

Action                     |  1- 3 |  4- 6 || total
---------------------------+-------+-------++-------
   Fire: Shortbow          |   115 |   100 ||   215
         Arbalest          |       |    28 ||    28
    Use: Scroll            |     2 |     7 ||     9
         Potion            |       |     3 ||     3
 Armour: Leather armour    |     1 |       ||     1
         Ring mail         |     7 |    35 ||    42
  Dodge: Dodged            |    18 |    39 ||    57
  Block: Other             |     7 |    22 ||    29
         Reflection        |     1 |     1 ||     2

Table legend:
 A = Non-vault XP
 B = Vault XP
 C = Vault XP percentage of total XP
 D = Non-vault monster count
 E = Vault monster count
 F = Vault count percentage of total count
                 A         B        C        D         E       F
            +---------+---------+-------+---------+---------+-------
      Total |     583 |       0 |   0.0 |      86 |       0 |   0.0
            +---------+---------+-------+---------+---------+-------
        D:1 |      49 |       0 |   0.0 |      29 |       0 |   0.0
        D:2 |      30 |       0 |   0.0 |      11 |       0 |   0.0
        D:3 |      71 |       0 |   0.0 |      16 |       0 |   0.0
        D:4 |     313 |       0 |   0.0 |      27 |       0 |   0.0
        D:5 |     120 |       0 |   0.0 |       3 |       0 |   0.0
            +---------+---------+-------+---------+---------+-------
